 Dungeon Crawl Stone Soup version 0.30.1-9-gdf580d7c3d (webtiles) character file.

Game seed: 7639596783548266706

51 Ivernyr the Shield-Bearer (level 4, 37/37 HPs)
             Began as a Formicid Fighter on Oct 9, 2023.
             Got out of the dungeon alive.
             The game lasted 00:02:59 (1094 turns).

Ivernyr the Shield-Bearer (Formicid Fighter)        Turns: 1094, Time: 00:03:00

Health: 37/37      AC:  7    Str: 22    XL:     4   Next: 7%
Magic:  4/4        EV:  9    Int:  8    God:
Gold:   99         SH:  5    Dex: 13    Spells: 3/3 levels left

rFire   . . .        a - +0 war axe
rCold   . . .        c - +0 buckler
rNeg    + . .        b - +0 scale mail
rPois   .            (helmet unavailable)
rElec   .            (no cloak)
rCorr   .            (no gloves)
SInv    +            (no boots)
Will    .....        (no amulet) Stlth
                     g - ring of positive energy
HPRegen 0.26/turn    (no ring)
MPRegen 0.09/turn

%: no passive effects
@: no status effects
A: permanent stasis, dig shafts and tunnels, antennae 3, four strong arms
a: Dig, Shaft Self


You escaped.
You visited 1 branch of the dungeon, and saw 2 of its levels.

You collected 99 gold pieces.

Inventory:

Hand Weapons
 a - a +0 war axe (weapon)
Missiles
 l - a throwing net
Armour
 b - a +0 scale mail (worn)
 c - a +0 buckler (worn)
Jewellery
 g - a ring of positive energy (left hand)
Scrolls
 f - a scroll of amnesia {unknown}
 h - 2 scrolls of identify {unknown}
 j - a scroll of teleportation {unknown}
 m - a scroll of blinking {unknown}
Potions
 d - a potion of might
 e - a potion of attraction {unknown}
 i - a potion of flight {unknown}
 k - a potion of curing {unknown}


   Skills:
 + Level 3.7 Fighting
 * Level 2.9 Axes
 + Level 3.7 Armour
 + Level 4.5 Shields


You had 3 spell levels left.
You didn't know any spells.
Your spell library was empty.

Dungeon Overview and Level Annotations

Branches:
Dungeon (2/15)

Altars:
Trog


Innate Abilities, Weirdness & Mutations

You cannot be hasted, slowed, berserked, paralysed or teleported.
You can dig through walls and to a lower floor.
You have a pair of large antennae on your head. (SInv)
Your four strong arms can wield two-handed weapons with a shield.


Message History

The worm closely misses you.
You hit the worm.
The worm is lightly wounded.
The worm bites you.
You slash the worm!
The worm is severely wounded.
The worm barely misses you.
You slash the worm!
You kill the worm!
You have reached level 4!
You feel clever.
(D) Dungeon
Where to? (Enter - D:2, ? - help)
What level of the Dungeon? (default 1, ? - help)
A kobold is nearby!
The kobold shouts!
Things that are here:
3 stones; a +0 club; a kobold corpse You hit the kobold.
The kobold is moderately wounded.
The kobold barely misses you.
You slash the kobold!
You kill the kobold!
Things that are here:
a +0 whip; a kobold corpse
(D) Dungeon
Where to? (Enter - D:1 @ (x,y), ? - help)
What level of the Dungeon? (default 1, ? - help)
Okay, then.
(D) Dungeon
Where to? (Enter - D:1 @ (x,y), ? - help)
What level of the Dungeon? (default 1, ? - help)
There is a stone staircase leading up here.
You climb upwards.
There is a stone staircase leading down here.
There is an open door here.
There is an open door here.
There is a staircase leading out of the dungeon here.
Are you sure you want to leave the Dungeon?
This will make you lose the game!
You have escaped!

....###.#.############.......##.#
..).###.#.# #####....##.##.#
###...#.#.# #...#.##..#.##.#
###...#.#.########...#.###.#.##.#
.......................# #......#
###...############...#.# ###.#...
#...# ♣♣##### #.##.# #...# ♣♣♣
#..... ##### #♣@♣# #..... ##
#8.8# #..... )# ##'## #..... .#
#####.### ###### .# #.......# #
.# #.#####.# ######## ## #.# #.#
#.....## #.# #.# #.....'. #.# #.#
#.....##


There were no monsters in sight!

Vanquished Creatures
  An adder (D:2)
  2 worms (D:2)
  A dart slug (D:1)
  2 endoplasms
  4 giant cockroaches (D:1)
  6 goblins
  2 hobgoblins
  A quokka (D:1)
  3 ball pythons
  3 bats
  A frilled lizard (D:1)
  5 kobolds
  2 rats (D:2)
33 creatures vanquished.

Notes
Turn   | Place    | Note
-------+----------+-------------------------------------------
     0 | D:1      | Ivernyr the Formicid Fighter began the quest for the Orb.
     0 | D:1      | Reached XP level 1. HP: 18/18 MP: 1/1
   114 | D:1      | Reached XP level 2. HP: 24/24 MP: 2/2
   581 | D:1      | Reached XP level 3. HP: 27/29 MP: 3/3
   910 | D:2      | Found a bloodstained altar of Trog.
   989 | D:2      | Reached XP level 4. HP: 35/37 MP: 4/4
  1094 | D:$      | Got out of the dungeon alive.

Illustrated notes

Levels and vault maps discovered:
D:1:      saegor_arrival_simple_b, layout_basic
D:2:      layout_rooms, basic_altar

Action                     |  1- 3 |  4- 6 || total
---------------------------+-------+-------++-------
  Melee: War axe           |    97 |     2 ||    99
 Armour: Scale mail        |    49 |       ||    49
  Dodge: Dodged            |    46 |     1 ||    47
  Block: Buckler           |    29 |       ||    29
